[Event "Titled Tuesday Blitz June 27 Late 2023"]
[White "Ladan, Nicholas"]
[Black "Makhnev, Denis"]
[WhiteFideId "30918855"]
[BlackFideId "13707647"]
[WhiteElo "2413"]
[BlackElo "2918"]
[Result "1-0"]
[Round "2"]
[TimeControl "180+2"]
[Date "2023.06.27"]
[WhiteClock "0:00:09"]
[BlackClock "0:01:10"]
[Board "103"]

1. d4 d5 2. c4 Nc6 3. Nf3 Bg4 4. e3 e5 5. dxe5 dxc4 6. Qxd8+ Rxd8 7. Bxc4 Nxe5 8. Be2 Nd3+ 9. Bxd3 Rxd3 10. Bd2 Nf6 11. Ne5 Rd8 12. Nxg4 Nxg4 13. Bc3 f6 14. h3 Nh6 15. g4 Nf7 16. Nd2 h5 17. Ke2 Be7 18. f4 Kd7 19. Nf3 Kc8 20. Nd4 Rde8 21. Nf5 Bf8 22. Rag1 Nd8 23. gxh5 Ne6 24. h6 gxh6 25. Kf3 Rh7 26. Rg6 Be7 27. Nxe7+ Rhxe7 28. Bxf6 Rf7 29. Rxh6 Nc5 30. Rh8 Rxh8 31. Bxh8 Kd7 32. h4 Ke6 33. h5 Kf5 34. h6 Kg6 35. Bd4 Ne6 36. Be5 b6 37. e4 Kh7 38. f5 Nc5 39. Bg7 Re7 40. e5 Rd7 41. e6 Rd3+ 42. Ke2 Rd8 43. e7 Re8 44. f6 Nd7 45. Kd1 Ne5 46. Kc2 Nf7 47. Rd1 Kg6 48. Rd7 Rc8 49. Kb3 c5 50. Rxa7 b5 51. Ra5 c4+ 52. Kc3 Nd6 53. Ra6 Nf7 54. Rb6 Ng5 55. Rxb5 Ne4+ 56. Kc2 c3 57. b3 Nd6 58. Re5 Ne8 59. h7 Kxh7 60. f7 Nxg7 61. f8=Q Rc6 62. Qxg7+ Kxg7 63. e8=Q Rf6 64. Rg5+ Kh6 65. Qh5# 1-0


[Site "https://www.chess.com"]

[Event "Titled Tuesday Blitz June 27 Late 2023"]
[White "Nunez V, Gustavo Eduardo"]
[Black "Tari, Aryan"]
[WhiteFideId "4403690"]
[BlackFideId "1510045"]
[WhiteElo "2411"]
[BlackElo "2917"]
[Result "0-1"]
[Round "2"]
[TimeControl "180+2"]
[Date "2023.06.27"]
[WhiteClock "0:00:16"]
[BlackClock "0:00:01"]
[Board "104"]

1. e4 e5 2. Nc3 Nf6 3. g3 h5 4. h3 Nc6 5. Bg2 Bc5 6. Nge2 d6 7. Na4 a5 8. Nxc5 dxc5 9. d3 Be6 10. Be3 Qd6 11. f4 h4 12. f5 Bd7 13. g4 Nd4 14. c3 Nxe2 15. Qxe2 Bb5 16. Rd1 O-O-O 17. c4 Ba6 18. Qf2 b6 19. O-O Nd7 20. g5 Nb8 21. Bf3 Nc6 22. Bg4 Kb7 23. f6 g6 24. a3 Nd4 25. Rb1 a4 26. Bd1 Qd7 27. Kh2 Nb3 28. Bxb3 axb3 29. Rfd1 Qe6 30. Rbc1 Rd7 31. Rd2 Qc6 32. Rc3 Qa4 33. Qe2 Ka7 34. Qd1 Rhd8 35. Kg2 Rd6 36. Kf2 Ka8 37. Ke1 Bc8 38. Rh2 Qd7 39. Qxb3 Rxd3 40. Rxd3 Qxd3 41. Qxd3 Rxd3 42. Ke2 Rb3 43. Kf3 Be6 44. Rc2 Bxh3 45. Rc3 Rxb2 46. Bf2 Bg4+ 47. Kxg4 Rxf2 48. Kxh4 Rf4+ 49. Kg3 Rxe4 50. Kf3 Rd4 51. Kg3 Kb7 52. Rc1 Kc6 53. Rh1 Kd6 54. Rh8 Ke6 55. Re8+ Kf5 56. Re7 Rxc4 57. Rxf7 Kxg5 58. Rf8 Rf4 59. f7 c4 60. Re8 Rxf7 61. Rxe5+ Rf5 62. Re7 Rc5 63. Re1 c3 64. Rc1 c2 65. Kf3 Kf5 66. Ke3 g5 67. Kd3 g4 68. Rf1+ Kg5 69. Kd2 c1=Q+ 70. Rxc1 Rxc1 71. Kxc1 g3 72. Kd2 g2 73. Kd3 c5 74. Kc4 Kf4 75. Kb5 g1=Q 76. Kxb6 c4+ 77. Kb5 c3 78. a4 c2 79. a5 c1=Q 80. Ka6 Qc6# 0-1


[Site "https://www.chess.com"]

[Event "Titled Tuesday Blitz June 27 Late 2023"]
[White "Durarbayli, Vasif"]
[Black "Dzierzak, Radoslaw"]
[WhiteFideId "13402935"]
[BlackFideId "1161407"]
[WhiteElo "2915"]
[BlackElo "2407"]
[Result "1-0"]
[Round "2"]
[TimeControl "180+2"]
[Date "2023.06.27"]
[WhiteClock "0:00:09"]
[BlackClock "0:00:00"]
[Board "105"]

1. e4 c6 2. d4 d5 3. exd5 cxd5 4. c4 Nf6 5. Nc3 e6 6. Nf3 Bb4 7. cxd5 Nxd5 8. Bd2 O-O 9. Bd3 Be7 10. O-O b6 11. Nxd5 Qxd5 12. Qc2 Bb7 13. Bxh7+ Kh8 14. Rae1 Rc8 15. Bc3 Nc6 16. Be4 Qh5 17. Re3 Nb4 18. Qe2 Nd5 19. Ne5 Qxe2 20. Rxe2 Kg8 21. Bxd5 Bxd5 22. Ra1 b5 23. a3 a5 24. h3 b4 25. Be1 bxa3 26. bxa3 a4 27. Re3 Rab8 28. Nd3 Rb3 29. Bb4 Bf6 30. Ne5 Rxe3 31. fxe3 Bxe5 32. dxe5 Rc2 33. g4 Rg2+ 34. Kf1 Rg3 35. Kf2 Rxh3 36. Rg1 Rh2+ 37. Kg3 Re2 38. Bc5 Kh7 39. Rf1 Kg6 40. Kf4 Rg2 41. e4 Bc4 42. Re1 Be2 43. g5 Bc4 44. Be7 Rf2+ 45. Ke3 Rg2 46. Kd4 Bb3 47. Rc1 Kh5 48. Rc7 Rf2 49. Bf8 Kg6 50. Be7 Bd1 51. Ke3 Bb3 52. Kxf2 1-0


[Site "https://www.chess.com"]

[Event "Titled Tuesday Blitz June 27 Late 2023"]
[White "Miladinovic, Igor"]
[Black "Bueno, Alfeu Junior Varela"]
[WhiteFideId "4203380"]
[BlackFideId "2108879"]
[WhiteElo "2862"]
[BlackElo "2405"]
[Result "1-0"]
[Round "2"]
[TimeControl "180+2"]
[Date "2023.06.27"]
[WhiteClock "0:00:23"]
[BlackClock "0:00:05"]
[Board "106"]

1. d4 e6 2. e4 d5 3. Nc3 Nf6 4. e5 Nfd7 5. f4 c5 6. Nf3 Nc6 7. Be3 cxd4 8. Nxd4 Bc5 9. Qd2 O-O 10. h4 a6 11. h5 Nxd4 12. Bxd4 b5 13. h6 g6 14. Rh3 Qb6 15. O-O-O Bb7 16. Kb1 Rac8 17. g4 Qa5 18. f5 Bxd4 19. Qxd4 b4 20. Ne2 Qc7 21. Rc1 Qxe5 22. Qxb4 Bc6 23. fxe6 fxe6 24. Qd4 Bb5 25. Qd2 Rxf1 26. Rxf1 Qxe2 27. Qxe2 Bxe2 28. Rg1 Nf6 29. g5 Ne4 30. Re3 Bb5 31. b3 Bc6 32. Kb2 Rf8 33. Rg2 Rf5 34. a4 Kf7 35. Rge2 Ke7 36. c4 Rxg5 37. cxd5 exd5 38. Rc2 Kd6 39. Rf3 Rh5 40. Rf8 Rxh6 41. Rd8+ Kc7 42. Rxd5 g5 43. Rd4 Kb7 44. Rb4+ Ka7 45. Rbc4 Kb7 46. Rb4+ Ka7 47. Ka3 Rg6 48. Rbc4 Kb7 49. Rh2 h6 50. Rhc2 g4 51. Rb4+ Kc7 52. Rxe4 g3 53. Re1 g2 54. Rg1 h5 55. Rc4 Rg4 56. Rc3 h4 57. b4 Rg3 58. Kb3 h3 59. Rxg3 h2 60. Rg7+ Kb6 61. a5+ Kb5 62. Rg5+ Bd5+ 63. Rxd5+ Kc6 64. Rc5+ Kd6 65. Rcc1 hxg1=Q 66. Rxg1 Ke5 67. Rxg2 Kf4 68. Rc2 1-0


[Site "https://www.chess.com"]

[Event "Titled Tuesday Blitz June 27 Late 2023"]
[White "Carrasco Miranda, Andres"]
[Black "Mekhitarian, Krikor Sevag"]
[WhiteFideId "3405990"]
[BlackFideId "2107660"]
[WhiteElo "2405"]
[BlackElo "2862"]
[Result "1/2-1/2"]
[Round "2"]
[TimeControl "180+2"]
[Date "2023.06.27"]
[WhiteClock "0:00:09"]
[BlackClock "0:00:06"]
[Board "107"]

1. d4 Nf6 2. c4 g6 3. g3 d5 4. cxd5 Nxd5 5. Bg2 Nb6 6. Nf3 Nc6 7. e3 Bg7 8. Nc3 O-O 9. O-O Re8 10. Nh4 a5 11. d5 Nb4 12. e4 e6 13. a3 Na6 14. Be3 Nc4 15. Bc1 exd5 16. exd5 Nc5 17. Qc2 Nd6 18. Bf4 a4 19. Rae1 Bd7 20. Rxe8+ Qxe8 21. Be3 b6 22. Bxc5 bxc5 23. Qd2 Qb8 24. Rb1 Qb3 25. Ne4 Nxe4 26. Bxe4 Rb8 27. d6 c6 28. Qf4 Qe6 29. Nf3 h6 30. h4 c4 31. h5 g5 32. Qe3 Qxd6 33. Qa7 Re8 34. Bc2 Be6 35. Rd1 Bd5 36. Nd4 Qe7 37. Qxe7 Rxe7 38. Nf5 Re2 39. Bxa4 Bf8 40. Kf1 Rxb2 41. Rc1 Bc5 42. Ne3 Be6 43. Bxc6 Ra2 44. a4 Kg7 45. Kg1 f5 46. Bb5 Bxe3 47. fxe3 Re2 48. Bxc4 Bxc4 49. Rxc4 Rxe3 50. Kf2 Ra3 51. Rc7+ Kf6 52. Rc6+ Ke5 53. Rxh6 Rxa4 54. Rb6 Ra2+ 55. Kg1 g4 56. h6 Ra7 57. Kg2 Ra2+ 58. Kg1 Ra7 59. Kg2 Rc7 60. Ra6 Rf7 61. Kg1 Rh7 62. Kg2 Rb7 63. Kg1 Rc7 64. Kg2 Rd7 65. Kg1 Re7 66. Kg2 Rf7 67. Kg1 Rc7 68. Kg2 1/2-1/2


[Site "https://www.chess.com"]

[Event "Titled Tuesday Blitz June 27 Late 2023"]
[White "Vega Gutierrez, Sabrina"]
[Black "Ohanyan, Emin"]
[WhiteFideId "2219026"]
[BlackFideId "13312022"]
[WhiteElo "2405"]
[BlackElo "2783"]
[Result "0-1"]
[Round "2"]
[TimeControl "180+2"]
[Date "2023.06.27"]
[WhiteClock "0:00:00"]
[BlackClock "0:00:03"]
[Board "108"]

1. e4 e5 2. Nf3 Nc6 3. Bc4 Nf6 4. d3 d5 5. exd5 Nxd5 6. O-O Bc5 7. Re1 Be6 8. c3 O-O 9. b4 Bb6 10. a4 a6 11. Ng5 Qf6 12. Ra2 Rad8 13. Qh5 Bf5 14. Ne4 Qg6 15. Qxg6 Bxg6 16. Bg5 f6 17. Be3 Bf7 18. Bxb6 Nxb6 19. Bxf7+ Kxf7 20. Nc5 Nd7 21. Nxb7 Rb8 22. Nc5 Nxc5 23. bxc5 Rfd8 24. Rd2 Rd5 25. Na3 Rb3 26. Nc4 Rxc3 27. Red1 Rxc5 28. g3 Na5 29. Ne3 Nb3 30. Rb2 Ra5 31. Rdb1 Nd4 32. Rb4 Rxd3 33. Rc4 Ne6 34. Rb7 Rd7 35. Ra7 Ke7 36. Nf5+ Kf7 37. Ne3 g6 38. Kg2 Ke7 39. h4 f5 40. h5 e4 41. h6 Kf6 42. Ra8 Kg5 43. Re8 Nd4 44. Rc8 Kxh6 45. g4 f4 46. Nf1 Kg5 47. Nd2 Re5 48. R8xc7 Rxc7 49. Rxc7 Kxg4 50. Rd7 f3+ 51. Kf1 Nf5 52. Rd6 Nxd6 0-1


[Site "https://www.chess.com"]

[Event "Titled Tuesday Blitz June 27 Late 2023"]
[White "Nazari, Arad"]
[Black "Szyszylo, Rafal"]
[WhiteFideId "12577324"]
[BlackFideId "1109626"]
[WhiteElo "2740"]
[BlackElo "2403"]
[Result "1-0"]
[Round "2"]
[TimeControl "180+2"]
[Date "2023.06.27"]
[WhiteClock "0:03:05"]
[BlackClock "0:01:17"]
[Board "109"]

1. e4 d6 2. d4 Nf6 3. Nc3 g6 4. f4 Bg7 5. Nf3 O-O 6. e5 Nfd7 7. h4 c5 8. h5 cxd4 9. hxg6 hxg6 10. Qxd4 dxe5 11. fxe5 Nxe5 12. Qh4 Nxf3+ 13. gxf3 Re8 14. Qh7+ Kf8 15. Bh6 e6 16. Qxg7+ Ke7 17. Bg5+ Kd7 18. O-O-O+ 1-0


[Site "https://www.chess.com"]

[Event "Titled Tuesday Blitz June 27 Late 2023"]
[White "Pakleza, Zbigniew"]
[Black "dodoucb"]
[WhiteFideId "1119290"]
[WhiteElo "2715"]
[BlackElo "2401"]
[Result "1-0"]
[Round "2"]
[TimeControl "180+2"]
[Date "2023.06.27"]
[WhiteClock "0:01:28"]
[BlackClock "0:00:11"]
[Board "110"]

1. d4 d5 2. Bf4 Nf6 3. e3 e6 4. Nd2 Bd6 5. Bg3 O-O 6. Ngf3 b6 7. Ne5 c5 8. c3 Qc7 9. f4 Ba6 10. Bxa6 Nxa6 11. O-O Nb8 12. Qf3 Nc6 13. Rad1 a5 14. h3 a4 15. a3 b5 16. Kh1 Nd7 17. e4 cxd4 18. Nxc6 Qxc6 19. cxd4 b4 20. Rc1 Qb7 21. f5 Bxg3 22. Qxg3 Rac8 23. fxe6 fxe6 24. Qd6 1-0


[Site "https://www.chess.com"]

[Event "Titled Tuesday Blitz June 27 Late 2023"]
[White "Mihajlov, Sebastian"]
[Black "Arnold, Ken"]
[WhiteFideId "1512110"]
[BlackFideId "2056836"]
[WhiteElo "2695"]
[BlackElo "2398"]
[Result "1-0"]
[Round "2"]
[TimeControl "180+2"]
[Date "2023.06.27"]
[WhiteClock "0:02:03"]
[BlackClock "0:00:46"]
[Board "111"]

1. d4 d5 2. Nf3 c6 3. c4 Nf6 4. Nc3 dxc4 5. a4 Bf5 6. Ne5 e6 7. f3 Nbd7 8. Nxc4 Bg6 9. e4 Bb4 10. Be3 O-O 11. Be2 a6 12. O-O b5 13. Nd2 Nb6 14. Qb3 Bxc3 15. Qxc3 Nxa4 16. Qxc6 Nxb2 17. Rxa6 Rxa6 18. Qxa6 Nc4 19. Nxc4 bxc4 20. Qxc4 Qa5 21. Rc1 h6 22. h3 Rb8 23. Qc3 Qa2 24. Bf1 Rb1 25. Rxb1 Qxb1 26. g4 Qd1 27. Bf2 Kh7 28. Qe3 Ne8 29. h4 f6 30. h5 Bf7 31. Kg2 Nd6 32. Be2 Qc2 33. Bd3 Qc6 34. e5+ 1-0


[Site "https://www.chess.com"]

[Event "Titled Tuesday Blitz June 27 Late 2023"]
[White "Romero Ruscalleda, Josep"]
[Black "Boyer, Mahel"]
[WhiteFideId "2231859"]
[BlackFideId "45102422"]
[WhiteElo "2389"]
[BlackElo "2692"]
[Result "0-1"]
[Round "2"]
[TimeControl "180+2"]
[Date "2023.06.27"]
[WhiteClock "0:01:21"]
[BlackClock "0:01:50"]
[Board "112"]

1. e4 Nc6 2. d4 d5 3. exd5 Qxd5 4. Be3 e5 5. Nc3 Bb4 6. Nf3 Bg4 7. Be2 e4 8. Nd2 Bxe2 9. Qxe2 Bxc3 10. bxc3 O-O-O 11. O-O Nf6 12. Rab1 a6 13. Rb3 Na5 14. Rb4 Rhe8 15. Rfb1 Qh5 16. Qxh5 Nxh5 17. Nb3 Nc6 18. Rc4 f5 19. Bg5 Rd5 20. Nc5 b5 21. Rcb4 Nxb4 22. Rxb4 h6 23. Bc1 f4 24. Nxa6 e3 25. Kf1 Rg5 26. fxe3 fxe3 27. g3 Rf5+ 28. Ke1 e2 29. Bf4 Nxf4 30. gxf4 Rxf4 0-1


[Site "https://www.chess.com"]

[Event "Titled Tuesday Blitz June 27 Late 2023"]
[White "Velikanov, Alexander"]
[Black "Yolosz"]
[WhiteFideId "2039290"]
[WhiteElo "2686"]
[BlackElo "2382"]
[Result "1-0"]
[Round "2"]
[TimeControl "180+2"]
[Date "2023.06.27"]
[WhiteClock "0:01:38"]
[BlackClock "0:00:09"]
[Board "113"]

1. d4 d5 2. c4 c6 3. Nf3 Nf6 4. Qc2 e6 5. Nbd2 Nbd7 6. g3 Bb4 7. Bg2 Ne4 8. O-O Nxd2 9. Bxd2 Bxd2 10. Nxd2 O-O 11. e4 dxe4 12. Nxe4 Nf6 13. Rfd1 Nxe4 14. Bxe4 g6 15. b4 Qe7 16. Rab1 e5 17. d5 cxd5 18. cxd5 Qd6 19. Qc5 Rd8 20. Rbc1 Bf5 21. Bxf5 gxf5 22. Qxd6 Rxd6 23. Rc7 Rb8 24. Re7 f6 25. Rc1 a5 26. Rcc7 Rxd5 27. Rg7+ Kh8 28. Rxh7+ Kg8 29. Rcg7+ Kf8 30. Rg6 Rd6 31. bxa5 Ra6 32. h4 b5 33. h5 b4 34. Rh8+ Kf7 35. Rxb8 1-0


[Site "https://www.chess.com"]

[Event "Titled Tuesday Blitz June 27 Late 2023"]
[White "Topalov, Aleksandar"]
[Black "Mirzoev, Azer"]
[WhiteFideId "925659"]
[BlackFideId "13400304"]
[WhiteElo "2381"]
[BlackElo "2681"]
[Result "1/2-1/2"]
[Round "2"]
[TimeControl "180+2"]
[Date "2023.06.27"]
[WhiteClock "0:00:02"]
[BlackClock "0:00:14"]
[Board "114"]

1. b3 c6 2. Bb2 d5 3. Nf3 Bg4 4. g3 Bxf3 5. exf3 e6 6. d4 Nf6 7. Bd3 c5 8. dxc5 Bxc5 9. O-O Nc6 10. a3 O-O 11. Re1 Re8 12. Nd2 Bd4 13. c3 Bb6 14. Nf1 Rc8 15. b4 Ne7 16. Rc1 Ng6 17. c4 dxc4 18. Bxc4 Qxd1 19. Rexd1 Red8 20. Rxd8+ Rxd8 21. Bb3 Ne7 22. Rd1 Rc8 23. Ne3 Kf8 24. Nc4 Bc7 25. Ne5 Ned5 26. Kg2 Rd8 27. Nc4 Ke7 28. Ne5 a6 29. Kf1 Bb6 30. Ke2 Rc8 31. Nc4 Ba7 32. Rc1 g6 33. Ne3 Rxc1 34. Bxc1 Nc3+ 35. Kd3 Nb5 36. a4 Nd4 37. Bd1 Nd7 38. f4 Nc6 39. Bd2 Nf6 40. Bf3 Kd7 41. b5 axb5 42. axb5 Nd8 43. Ba5 b6 44. Bb4 Bb8 45. Bc3 Ne8 46. Nc4 Bc7 47. Bd4 Nd6 48. Ne5+ Ke8 49. Bc6+ Nxc6 50. bxc6 h5 51. Nc4 Nc8 52. Bf6 Na7 53. Bd4 Nxc6 54. Bxb6 Nb4+ 55. Ke4 Bxb6 56. Nxb6 Ke7 57. Nc4 Nd5 58. h3 Nf6+ 59. Kf3 Nd7 60. g4 hxg4+ 61. hxg4 Nc5 62. Ke3 Kf6 63. f3 Nd7 64. g5+ Ke7 65. Ke4 Nb8 66. Kd4 Nc6+ 67. Kc5 Nb8 68. Ne5 Na6+ 69. Kb5 Nc7+ 70. Kc5 Nd5 71. Nd3 Ne3 72. Kd4 Nf5+ 73. Ke5 Ng7 74. Nc5 Nh5 75. Ne4 Ng7 76. Nf6 Nf5 77. Ne4 Ne3 78. Nf6 Nc4+ 79. Kd4 Nd6 80. Ne4 Nb5+ 81. Kc5 Nc7 82. Kd4 Nd5 83. Ke5 Ne3 84. Nf6 Nc4+ 85. Kd4 Nd6 86. Ke5 Nb7 87. Ng8+ Kf8 88. Nf6 Nc5 89. Kd4 Nb7 90. Ke5 Ke7 91. Ng8+ Kf8 92. Nf6 1/2-1/2


[Site "https://www.chess.com"]

[Event "Titled Tuesday Blitz June 27 Late 2023"]
[White "Harikrishnan.A.Ra"]
[Black "Arias Igual, Alejandro"]
[WhiteFideId "5081483"]
[BlackFideId "2254905"]
[WhiteElo "2665"]
[BlackElo "2379"]
[Result "1-0"]
[Round "2"]
[TimeControl "180+2"]
[Date "2023.06.27"]
[WhiteClock "0:00:03"]
[BlackClock "0:00:11"]
[Board "115"]

1. d4 d5 2. Nf3 e6 3. Bf4 Nf6 4. c3 Bd6 5. e3 O-O 6. Nbd2 c5 7. Bg3 Qc7 8. Bxd6 Qxd6 9. Ne5 Nbd7 10. f4 b6 11. Bd3 Bb7 12. Qf3 Rfe8 13. g4 Nf8 14. g5 N6d7 15. h4 cxd4 16. exd4 a5 17. h5 Ba6 18. Bc2 Nxe5 19. fxe5 Qe7 20. Qf4 b5 21. O-O b4 22. Rf3 bxc3 23. bxc3 Rab8 24. Nb3 Bc4 25. Kh2 Be2 26. Rh3 a4 27. Nc5 Rb2 28. Qd2 Bg4 29. Rh4 Bf5 30. Nd3 Bxd3 31. Qxd3 Qxg5 32. Rh3 Qf5 33. Qxf5 exf5 34. Rc1 Rxa2 35. c4 dxc4 36. Rc3 Rc8 37. Kg3 Ne6 38. Bxf5 g6 39. Bg4 gxh5 40. Bf5 Rb2 41. d5 Rb3 42. dxe6 Rxc3+ 43. Rxc3 Re8 44. exf7+ Kxf7 45. Kf4 Ra8 46. Rxc4 a3 47. Rc7+ Kf8 48. Rxh7 a2 49. Rh8+ 1-0


[Site "https://www.chess.com"]

[Event "Titled Tuesday Blitz June 27 Late 2023"]
[White "BenchGM"]
[Black "Manukyan, Sargis A."]
[BlackFideId "13303970"]
[WhiteElo "2378"]
[BlackElo "2652"]
[Result "0-1"]
[Round "2"]
[TimeControl "180+2"]
[Date "2023.06.27"]
[WhiteClock "0:00:02"]
[BlackClock "0:01:44"]
[Board "116"]

1. e4 c5 2. Nf3 d6 3. d4 cxd4 4. Nxd4 Nf6 5. Nc3 g6 6. Be3 Bg7 7. f3 O-O 8. Qd2 Nc6 9. O-O-O d5 10. Qe1 e5 11. Nxc6 bxc6 12. exd5 Nxd5 13. Bc4 Be6 14. Ne4 Qc7 15. Bc5 Rfd8 16. Qh4 h6 17. g4 Nf4 18. Bxe6 Nxe6 19. Bd6 Qa5 20. Ba3 Nd4 21. Rhf1 Rab8 22. Qe7 Bf8 23. Nf6+ Kg7 24. Ne8+ Rxe8 0-1


[Site "https://www.chess.com"]

[Event "Titled Tuesday Blitz June 27 Late 2023"]
[White "Lamard, Guillaume"]
[Black "Srdanovic, Jovana"]
[WhiteFideId "600261"]
[BlackFideId "954810"]
[WhiteElo "2644"]
[BlackElo "2378"]
[Result "1-0"]
[Round "2"]
[TimeControl "180+2"]
[Date "2023.06.27"]
[WhiteClock "0:00:31"]
[BlackClock "0:00:02"]
[Board "117"]

1. d4 d5 2. c4 c6 3. Nf3 Nf6 4. Nc3 dxc4 5. a4 Bf5 6. e3 e6 7. Bxc4 Bb4 8. O-O O-O 9. Nh4 Nbd7 10. Nxf5 exf5 11. Bd2 a5 12. Qb3 Qe7 13. Rae1 g6 14. Nb1 Nb6 15. Bd3 Nbd5 16. Bxb4 Nxb4 17. Bc4 Ne4 18. Rd1 Nd6 19. Nd2 Rad8 20. Rfe1 Rfe8 21. Bf1 Ne4 22. Nc4 Qc7 23. g3 Rb8 24. Bg2 b5 25. Ne5 c5 26. axb5 Rxb5 27. Qa4 Rbb8 28. Bxe4 fxe4 29. Nd7 Re6 30. Nxb8 Qxb8 31. dxc5 Nd3 32. Qxa5 Qxb2 33. Rxd3 exd3 34. Qd8+ Kg7 35. Qxd3 Rf6 36. Qe2 Qb4 37. Rc1 Qa3 38. Qc2 Rc6 39. Qc3+ Qxc3 40. Rxc3 Kf6 41. Kg2 g5 42. Kf3 Kf5 43. e4+ Ke5 44. Ke3 g4 45. Rc1 h5 46. Rc2 f6 47. Rc1 Ra6 48. c6 Ra3+ 49. Ke2 Ra8 50. c7 Ra2+ 51. Kf1 1-0


[Site "https://www.chess.com"]

[Event "Titled Tuesday Blitz June 27 Late 2023"]
[White "Liyanage, Ranindu Dilshan"]
[Black "Sokolov, Andrei"]
[WhiteFideId "9915834"]
[BlackFideId "11600306"]
[WhiteElo "2642"]
[BlackElo "2373"]
[Result "1-0"]
[Round "2"]
[TimeControl "180+2"]
[Date "2023.06.27"]
[WhiteClock "0:02:25"]
[BlackClock "0:00:04"]
[Board "118"]

1. e4 c6 2. d4 d5 3. e5 Bf5 4. c4 e6 5. Nc3 dxc4 6. Bxc4 Nd7 7. Nf3 Ne7 8. h3 Nd5 9. Bd3 Bxd3 10. Qxd3 Be7 11. O-O O-O 12. Ne4 c5 13. Bg5 cxd4 14. Bxe7 Nxe7 15. Neg5 g6 16. Qxd4 Nf5 17. Qf4 Qb6 18. Rfd1 Nc5 19. b4 Na4 20. g4 Ne7 21. Ne4 Rfd8 22. Qh6 1-0


[Site "https://www.chess.com"]

[Event "Titled Tuesday Blitz June 27 Late 2023"]
[White "K2JW"]
[Black "reevecanada"]
[WhiteElo "2370"]
[BlackElo "2640"]
[Result "0-1"]
[Round "2"]
[TimeControl "180+2"]
[Date "2023.06.27"]
[WhiteClock "0:00:05"]
[BlackClock "0:01:22"]
[Board "119"]

1. d4 Nf6 2. c4 e6 3. Nf3 d5 4. Nc3 c6 5. e3 Bd6 6. Be2 Nbd7 7. b3 O-O 8. Bb2 Re8 9. O-O dxc4 10. bxc4 e5 11. Qc2 e4 12. Ng5 Qe7 13. c5 Bc7 14. Bc4 Rf8 15. Ngxe4 Ng4 16. h3 Ngf6 17. a4 b6 18. cxb6 axb6 19. Ba3 c5 20. dxc5 bxc5 21. Nxf6+ Nxf6 22. Rfe1 Bb7 23. Nb5 Be5 24. Rad1 Bc6 25. Bf1 Nd7 26. Rc1 Rfc8 27. Bd3 h6 28. Bh7+ Kh8 29. f4 Bb8 30. Bf5 Bxb5 31. axb5 Rxa3 32. Rcd1 Rc7 33. Qd2 Nf6 34. Qd8+ Ng8 35. Qxb8 Rb7 36. Qd6 Qxd6 37. Rxd6 Rxb5 38. Rd8 g6 39. Bd7 Rb7 40. Bc6 Rc7 41. Bd5 c4 42. Rc1 c3 43. Be4 Re7 44. Rd4 Nf6 45. Bf3 Rxe3 46. Rd6 Kg7 47. Rc6 Rd3 48. Be2 Rd2 49. Bf3 Rd3 50. Be2 Re3 51. Kf2 Nd5 52. Rc5 Ra2 53. Rxd5 Raxe2+ 54. Kf1 Ra2 55. Rc5 Ree2 56. R5xc3 Rf2+ 57. Kg1 Rxg2+ 58. Kh1 Rgf2 59. Rc4 Rh2+ 60. Kg1 Rxh3 61. f5 Rg3+ 62. Kf1 Rf3+ 63. Kg1 Rxf5 64. R4c3 Ra6 65. Rg3 Raf6 66. Kg2 Rg5 67. Kh3 Rxg3+ 68. Kxg3 g5 69. Kh2 Kg6 70. Kg3 Re6 0-1


[Site "https://www.chess.com"]

[Event "Titled Tuesday Blitz June 27 Late 2023"]
[White "Moral Garcia, Serafin"]
[Black "Cooklev, Steven"]
[WhiteFideId "2201925"]
[BlackFideId "2050552"]
[WhiteElo "2621"]
[BlackElo "2369"]
[Result "1-0"]
[Round "2"]
[TimeControl "180+2"]
[Date "2023.06.27"]
[WhiteClock "0:00:58"]
[BlackClock "0:00:05"]
[Board "120"]

1. c4 e6 2. Nf3 d5 3. e3 c5 4. cxd5 exd5 5. b3 Nf6 6. Bb2 Bd6 7. d4 cxd4 8. Nxd4 O-O 9. Be2 Ne4 10. O-O Qh4 11. g3 Qh6 12. Nc3 Bh3 13. Re1 Qf6 14. Bf3 Ng5 15. Bxd5 Nc6 16. Ne4 Nxe4 17. Bxe4 Ne5 18. f4 Ng4 19. Bf3 h5 20. Qd2 Rad8 21. Nc6 Qh6 22. Nxd8 Rxd8 23. Rad1 Bc7 24. Qxd8+ Bxd8 25. Rxd8+ Kh7 26. Be4+ Qg6 27. Bxg6+ Kxg6 28. e4 1-0


[Site "https://www.chess.com"]

[Event "Titled Tuesday Blitz June 27 Late 2023"]
[White "FromTexas54"]
[Black "Chen, Justin"]
[BlackFideId "2098199"]
[WhiteElo "2367"]
[BlackElo "2617"]
[Result "0-1"]
[Round "2"]
[TimeControl "180+2"]
[Date "2023.06.27"]
[WhiteClock "0:00:00"]
[BlackClock "0:00:21"]
[Board "121"]

1. Nf3 c5 2. g3 Nc6 3. Bg2 g6 4. O-O Bg7 5. c4 e6 6. Nc3 Nge7 7. d3 d5 8. cxd5 Nxd5 9. Bd2 O-O 10. Rb1 b6 11. a3 Bb7 12. Nxd5 exd5 13. b4 c4 14. Qc2 b5 15. Be3 Re8 16. Bc5 Qf6 17. Rfe1 Rad8 18. a4 a6 19. axb5 axb5 20. Rbd1 Qc3 21. Qb1 h6 22. e4 dxe4 23. dxe4 Ne5 24. Rxd8 Rxd8 25. Nxe5 Bxe5 26. Rd1 Rd3 27. Bf1 Rxd1 28. Qxd1 Bxe4 29. Qd8+ Kh7 30. Be3 Bg7 31. Qe8 Qe5 32. Qxf7 Bd5 33. Qa7 Qe4 34. f3 Qxf3 35. Bd4 Qf7 36. Qc5 Qd7 37. Bxg7 Kxg7 38. Qd4+ Kh7 39. Bg2 Bc6 40. Qe5 Bxg2 41. Kxg2 h5 42. h4 Qd2+ 43. Kh3 Qd7+ 44. Kg2 Kg8 45. Qe4 Qf5 0-1


[Site "https://www.chess.com"]

[Event "Titled Tuesday Blitz June 27 Late 2023"]
[White "Barski, Radoslaw"]
[Black "Raahul V S"]
[WhiteFideId "1131710"]
[BlackFideId "25035525"]
[WhiteElo "2366"]
[BlackElo "2614"]
[Result "1-0"]
[Round "2"]
[TimeControl "180+2"]
[Date "2023.06.27"]
[WhiteClock "0:00:16"]
[BlackClock "0:00:00"]
[Board "122"]

1. e4 e5 2. Bc4 Nf6 3. Nc3 Nc6 4. d3 Na5 5. Bb3 Nxb3 6. axb3 d5 7. exd5 Nxd5 8. Nge2 Be6 9. O-O Be7 10. Ng3 O-O 11. Qh5 f6 12. Nxd5 Qxd5 13. Ra4 g6 14. Qh6 Qd7 15. f4 Rae8 16. Kh1 a6 17. f5 Qc6 18. fxg6 Rf7 19. gxf7+ Bxf7 20. Rg4+ Bg6 21. Rxg6+ hxg6 22. Qxg6+ Kh8 23. Rf5 1-0


[Site "https://www.chess.com"]

[Event "Titled Tuesday Blitz June 27 Late 2023"]
[White "Vasques, Antonio Pedro Freixial"]
[Black "Gubajdullin, Alexei"]
[WhiteFideId "1908332"]
[BlackFideId "4141202"]
[WhiteElo "2363"]
[BlackElo "2608"]
[Result "1-0"]
[Round "2"]
[TimeControl "180+2"]
[Date "2023.06.27"]
[WhiteClock "0:00:38"]
[BlackClock "0:00:07"]
[Board "123"]

1. e4 g6 2. d4 d6 3. Nc3 c6 4. h4 h6 5. h5 g5 6. f4 gxf4 7. Bxf4 Nf6 8. Qd2 Ng4 9. O-O-O Qa5 10. Kb1 e5 11. dxe5 Nxe5 12. Nf3 Nbd7 13. Be2 b5 14. Nxe5 Nxe5 15. Bxe5 dxe5 16. Bxb5 cxb5 17. Qd5 Bg7 18. Qc6+ Kf8 19. Qxa8 Qc7 20. Nxb5 Qc5 21. Rd8+ Ke7 22. Rxh8 Bxh8 23. Nxa7 Bd7 24. Qxh8 Qxa7 25. Qxe5+ Be6 26. Rd1 Qxa2+ 27. Kc1 Qa1+ 28. Kd2 Qa7 29. Qf4 Ke8 30. Qd6 Qa5+ 31. c3 Qxh5 32. Kc2 Qg5 33. Qb8+ 1-0


[Site "https://www.chess.com"]

[Event "Titled Tuesday Blitz June 27 Late 2023"]
[White "Bitoon, Richard"]
[Black "Fernandez Siles, Luis"]
[WhiteFideId "5201110"]
[BlackFideId "2209420"]
[WhiteElo "2587"]
[BlackElo "2362"]
[Result "1-0"]
[Round "2"]
[TimeControl "180+2"]
[Date "2023.06.27"]
[WhiteClock "0:02:17"]
[BlackClock "0:01:28"]
[Board "124"]

1. e4 c5 2. c3 Nf6 3. e5 Nd5 4. d4 cxd4 5. Nf3 Nc6 6. Bc4 Nb6 7. Bb3 d6 8. exd6 Qxd6 9. O-O Be6 10. Na3 Bxb3 11. axb3 e6 12. Nb5 Qd7 13. Bf4 Nd5 14. Bg3 a6 15. c4 Nb6 16. Nc7+ Kd8 17. Nxa8 Nxa8 18. Ne5 Nxe5 19. Bxe5 Bc5 20. Bxg7 Rg8 21. Bf6+ Kc8 22. b4 Ba7 23. c5 e5 24. Bxe5 Qd5 25. Bg3 f5 26. Qh5 Nc7 27. Qxh7 f4 28. Qh3+ Kb8 29. Bxf4 1-0


[Site "https://www.chess.com"]